SNL (28 & UNDER)
MONTGOMERY BISCUITS @ SANTA FE DIABLOS
06/04/2023
 
TOP OF THE 1ST
Montgomery Biscuits batting - Pitching for Santa Fe Diablos : RHP Ángelo Gusmán
Pitching: RHP Ángelo Gusmán
Batting: RHB Gabriel Miranda 0-0: Foul Ball, location: 2F
0-1: Fly out, F6 (Line Drive, 6)
Batting: RHB Vicente Carona 0-0: Called Strike
0-1: Ground out 6-3 (Groundball, 6MS)
Batting: LHB José Flores Single, Error in OF, E9, batter to second base
Batting: RHB Jean-Paul St-Pierre 0-0: Called Strike
0-1: Ball
1-1: Foul Ball, location: 2F
1-2: Hit by Pitch
Batting: RHB Dave Dawson 0-0: Called Strike
0-1: Swinging Strike
0-2: Strikes out swinging
Top of the 1st over - 0 run(s), 1 hit(s), 1 error(s), 2 left on base; Montgomery 0 - Santa Fe 0
BOTTOM OF THE 1ST
Santa Fe Diablos batting - Pitching for Montgomery Biscuits : RHP Mitch Brown
Pitching: RHP Mitch Brown
Batting: RHB Henning Huisman 0-0: Ball
1-0: Ball
2-0: Called Strike
2-1: Ball
3-1: Swinging Strike
3-2: Fly out, F9 (Flyball, 9D)
Batting: RHB Robinson Pacheco 0-0: Ball
1-0: Ball
2-0: Ball
3-0: Called Strike
3-1: Foul Ball, location: 2F
3-2: Ground out 2-3 (Groundball, 23)
Batting: RHB Randy Sheppard 0-0: SINGLE (Line Drive, 56)
Batting: RHB Iván Gonzáles 0-0: Called Strike
0-1: Ball
1-1: Swinging Strike
1-2: Ball
2-2: Foul Ball, location: 2F
2-2: Foul Ball, location: 2F
2-2: Ball
Randy Sheppard is caught stealing 2nd base
Bottom of the 1st over - 0 run(s), 1 hit(s), 0 error(s), 0 left on base; Montgomery 0 - Santa Fe 0
TOP OF THE 2ND
Montgomery Biscuits batting - Pitching for Santa Fe Diablos : RHP Ángelo Gusmán
Batting: RHB Carl Milley 0-0: SINGLE (Line Drive, 7LS)
Batting: RHB Pete Smith 0-0: Called Strike
0-1: Ball
1-1: Ball
2-1: Called Strike
2-2: Ball
3-2: Ground out 4-3 (Groundball, 4M)
Carl Milley to second
Batting: RHB Larry Mitchell 0-0: Ball
1-0: Ball
2-0: Foul Ball, location: 2F
2-1: Foul Ball, location: 2F
2-2: Ball
3-2: Base on Balls
Batting: SHB Andrew Curran 0-0: Called Strike
0-1: Called Strike
0-2: Ball
1-2: Ball
2-2: Ball
3-2: Strikes out swinging
Batting: RHB Gabriel Miranda 0-0: Called Strike
0-1: Ball
1-1: Called Strike
1-2: Foul Ball, location: 2F
1-2: Ball
2-2: Foul Ball, location: 2F
2-2: Ball
3-2: Base on Balls
Carl Milley to third
Larry Mitchell to second
Batting: RHB Vicente Carona 0-0: Swinging Strike
0-1: Ball
1-1: Ball
Wild Pitch!
Carl Milley scores
Larry Mitchell to third
Gabriel Miranda to second
2-1: Fly out, F7 (Line Drive, 7D)
Top of the 2nd over - 1 run(s), 1 hit(s), 0 error(s), 2 left on base; Montgomery 1 - Santa Fe 0
BOTTOM OF THE 2ND
Santa Fe Diablos batting - Pitching for Montgomery Biscuits : RHP Mitch Brown
Batting: RHB Iván Gonzáles 0-0: Foul Ball, location: 2F
0-1: Swinging Strike
0-2: Ball
1-2: Foul Ball, location: 2F
1-2: Ground out 6-3 (Groundball, 56)
Batting: SHB António Hernández 0-0: Ball
1-0: Called Strike
1-1: Swinging Strike
1-2: Ball
2-2: Ground out 5-3 (Groundball, 56)
Batting: RHB Robert Johnson 0-0: Called Strike
0-1: Swinging Strike
0-2: Ball
1-2: Strikes out swinging
Bottom of the 2nd over - 0 run(s), 0 hit(s), 0 error(s), 0 left on base; Montgomery 1 - Santa Fe 0
TOP OF THE 3RD
Montgomery Biscuits batting - Pitching for Santa Fe Diablos : RHP Ángelo Gusmán
Batting: LHB José Flores 0-0: Called Strike
0-1: Ball
1-1: Ball
2-1: Called Strike
2-2: Ground out 4-3 (Groundball, 4M)
Batting: RHB Jean-Paul St-Pierre 0-0: Swinging Strike
0-1: Swinging Strike
0-2: Strikes out swinging
Batting: RHB Dave Dawson 0-0: Ball
1-0: Swinging Strike
1-1: Foul Ball, location: 2F
1-2: Ball
2-2: Ball
3-2: Base on Balls
Batting: RHB Carl Milley 0-0: Called Strike
0-1: Called Strike
0-2: Ball
1-2: Ball
2-2: Strikes out swinging
Top of the 3rd over - 0 run(s), 0 hit(s), 0 error(s), 1 left on base; Montgomery 1 - Santa Fe 0
BOTTOM OF THE 3RD
Santa Fe Diablos batting - Pitching for Montgomery Biscuits : RHP Mitch Brown
Batting: RHB Orlando González 0-0: Ball
1-0: SINGLE (Line Drive, 7LS)
Batting: LHB Juan Ontiveros 0-0: Called Strike
0-1: Ball
1-1: Ball
2-1: Fielders Choice at 2nd, 6-4 (Groundball, 6)
Batting: LHB Roberto Sandoval 0-0: Ball
Juan Ontiveros steals 2nd base
1-0: Foul Ball, location: 2F
1-1: Foul Ball, location: 2F
1-2: Strikes out swinging
Batting: RHB Henning Huisman 0-0: 2-RUN HOME RUN (Flyball, 8LXD), Distance : 428 ft
Batting: RHB Robinson Pacheco 0-0: Ball
1-0: Ball
2-0: Called Strike
2-1: Foul Ball, location: 2F
2-2: Strikes out swinging
Bottom of the 3rd over - 2 run(s), 2 hit(s), 0 error(s), 0 left on base; Montgomery 1 - Santa Fe 2
TOP OF THE 4TH
Montgomery Biscuits batting - Pitching for Santa Fe Diablos : RHP Ángelo Gusmán
Batting: RHB Pete Smith 0-0: Foul Ball, location: 2F
0-1: Foul Ball, location: 2F
0-2: Ball
1-2: Foul Ball, location: 2F
1-2: Ball
2-2: Ball
3-2: Foul Ball, location: 2F
3-2: Strikes out swinging
Batting: RHB Larry Mitchell 0-0: Ball
1-0: Foul Ball, location: 2F
1-1: Foul Ball, location: 2F
1-2: Ball
2-2: Ball
3-2: Base on Balls
Batting: SHB Andrew Curran 0-0: SINGLE (Groundball, 34S)
Larry Mitchell to second
Larry Mitchell to third
Batting: RHB Gabriel Miranda 0-0: Ball
1-0: Ball
2-0: Fly out, F8 (Flyball, 89D)
Runner from 3rd tags up, SCORES, no throw
Batting: RHB Vicente Carona 0-0: Ball
1-0: Ball
2-0: Swinging Strike
Passed Ball!
Andrew Curran to second
2-1: Ground out 1-3 (Groundball, 15)
Top of the 4th over - 1 run(s), 1 hit(s), 0 error(s), 1 left on base; Montgomery 2 - Santa Fe 2
BOTTOM OF THE 4TH
Santa Fe Diablos batting - Pitching for Montgomery Biscuits : RHP Mitch Brown
Batting: RHB Randy Sheppard 0-0: Ball
1-0: Ground out 5-3 (Groundball, 56S)
Batting: RHB Iván Gonzáles 0-0: Ball
1-0: Ball
2-0: Ball
3-0: Called Strike
3-1: Fly out, F9 (Flyball, 9LD)
Batting: SHB António Hernández 0-0: Ball
1-0: Foul Ball, location: 2F
1-1: Ball
2-1: Ball
3-1: Base on Balls
Batting: RHB Robert Johnson 0-0: Called Strike
0-1: Ball
1-1: SINGLE (Groundball, 6)
António Hernández to second
Batting: RHB Orlando González 0-0: Ball
1-0: Called Strike
1-1: Called Strike
1-2: Ball
2-2: Foul Ball, location: 2F
2-2: SINGLE (Groundball, 6M)
António Hernández to third
Robert Johnson to second
Runner from 3rd tries for Home, SAFE, no throw or cutoff
Batting: LHB Juan Ontiveros 0-0: Foul Ball, location: 2F
0-1: Ball
1-1: Ground out 1-3 (Groundball, 25)
Bottom of the 4th over - 1 run(s), 2 hit(s), 0 error(s), 2 left on base; Montgomery 2 - Santa Fe 3
TOP OF THE 5TH
Montgomery Biscuits batting - Pitching for Santa Fe Diablos : RHP Ángelo Gusmán
Batting: LHB José Flores 0-0: Called Strike
0-1: Ground out 4-3 (Groundball, 4)
Batting: RHB Jean-Paul St-Pierre 0-0: Ball
1-0: Ball
2-0: Ball
3-0: Called Strike
3-1: Base on Balls
Batting: RHB Dave Dawson 0-0: Ball
1-0: Ball
2-0: Called Strike
2-1: Ball
3-1: Foul Ball, location: 2F
3-2: Ground out 5-3 (Groundball, 5)
Jean-Paul St-Pierre to second
Pitching: RHP Bartolo Muńóz
Batting: RHB Carl Milley 0-0: Ball
1-0: Ground out 5-3 (Groundball, 15S)
Top of the 5th over - 0 run(s), 0 hit(s), 0 error(s), 1 left on base; Montgomery 2 - Santa Fe 3
BOTTOM OF THE 5TH
Santa Fe Diablos batting - Pitching for Montgomery Biscuits : RHP Mitch Brown
Batting: LHB Roberto Sandoval 0-0: Foul Ball, location: 2F
0-1: Ball
Single, Error in OF, E8, batter to second base
Batting: RHB Henning Huisman 0-0: Ball
1-0: Called Strike
1-1: Ground out 5-3 (Groundball, 56)
Batting: RHB Robinson Pacheco 0-0: Ball
1-0: Ball
Wild Pitch!
Roberto Sandoval to third
2-0: Ball
3-0: Called Strike
3-1: Called Strike
3-2: Base on Balls
Batting: RHB Randy Sheppard 0-0: Ball
1-0: DOUBLE (Line Drive, 7LS)
Roberto Sandoval scores
Robinson Pacheco to third
Batting: RHB Iván Gonzáles 0-0: Fly out, F5 (Line Drive, 56S)
Batting: SHB António Hernández 0-0: Called Strike
0-1: Foul Ball, location: 2F
0-2: DOUBLE (Popup, 7LS)
Robinson Pacheco scores
Randy Sheppard scores
Batting: RHB Robert Johnson 0-0: Ball
1-0: Foul Ball, location: 2F
1-1: Ball
2-1: SINGLE (Flyball, 9LS)
António Hernández to third
Runner from 3rd tries for Home, SAFE, no throw or cutoff
Pitching: RHP Ángel Ávila
Batting: RHB Orlando González 0-0: Ball
1-0: 2-RUN HOME RUN (Flyball, 78XD), Distance : 402 ft
Batting: LHB Juan Ontiveros 0-0: Called Strike
0-1: Swinging Strike
0-2: Ball
1-2: Ball
2-2: Foul Ball, location: 2F
2-2: Ground out 4-3 (Groundball, 4)
Bottom of the 5th over - 6 run(s), 5 hit(s), 1 error(s), 0 left on base; Montgomery 2 - Santa Fe 9
TOP OF THE 6TH
Montgomery Biscuits batting - Pitching for Santa Fe Diablos : RHP Bartolo Muńóz
Batting: RHB Pete Smith 0-0: Swinging Strike
0-1: Fly out, F8 (Line Drive, 8RM)
Batting: RHB Larry Mitchell 0-0: Ball
1-0: Called Strike
1-1: SINGLE (Line Drive, 4M)
Batting: SHB Andrew Curran 0-0: Ball
1-0: Called Strike
1-1: Foul Ball, location: 2F
1-2: Foul Ball, location: 2F
1-2: Grounds into double play, 4-6-3 (Groundball, 34)
Top of the 6th over - 0 run(s), 1 hit(s), 0 error(s), 0 left on base; Montgomery 2 - Santa Fe 9
BOTTOM OF THE 6TH
Santa Fe Diablos batting - Pitching for Montgomery Biscuits : RHP Ángel Ávila
Batting: LHB Roberto Sandoval 0-0: Called Strike
0-1: Foul Ball, location: 2F
0-2: Foul Ball, location: 2F
0-2: SINGLE (Groundball, 4M)
Batting: RHB Henning Huisman 0-0: Ball
1-0: Called Strike
1-1: Ball
2-1: Foul Ball, location: 2F
2-2: Strikes out swinging
Batting: RHB Robinson Pacheco 0-0: Ball
1-0: Ball
2-0: Grounds into double play, 6-4-3 (Groundball, 6M)
Bottom of the 6th over - 0 run(s), 1 hit(s), 0 error(s), 0 left on base; Montgomery 2 - Santa Fe 9
TOP OF THE 7TH
Montgomery Biscuits batting - Pitching for Santa Fe Diablos : RHP Bartolo Muńóz
Batting: RHB Gabriel Miranda 0-0: Fly out, F5 (Popup, 15S)
Batting: RHB Vicente Carona 0-0: Called Strike
0-1: Ball
1-1: Swinging Strike
1-2: Strikes out swinging
Batting: LHB José Flores 0-0: Ground out 4-3 (Groundball, 4M)
Top of the 7th over - 0 run(s), 0 hit(s), 0 error(s), 0 left on base; Montgomery 2 - Santa Fe 9
BOTTOM OF THE 7TH
Santa Fe Diablos batting - Pitching for Montgomery Biscuits : RHP Ángel Ávila
Batting: RHB Randy Sheppard 0-0: Swinging Strike
0-1: Foul Ball, location: 2F
0-2: Strikes out swinging
Batting: RHB Iván Gonzáles 0-0: Foul Ball, location: 2F
0-1: Ball
1-1: Foul Ball, location: 2F
1-2: Strikes out swinging
Batting: SHB António Hernández 0-0: Called Strike
0-1: Ground out 1-3 (Groundball, 15S)
Bottom of the 7th over - 0 run(s), 0 hit(s), 0 error(s), 0 left on base; Montgomery 2 - Santa Fe 9
TOP OF THE 8TH
Montgomery Biscuits batting - Pitching for Santa Fe Diablos : RHP Bartolo Muńóz
Pitching: LHP Doug Starks
Now at SS: Jorge Rodríguez
Batting: RHB Jean-Paul St-Pierre 0-0: Called Strike
0-1: Foul Ball, location: 2F
0-2: Ball
1-2: Ball
2-2: Foul Ball, location: 2F
2-2: Strikes out swinging
Batting: RHB Dave Dawson 0-0: Called Strike
0-1: Ground out 4-3 (Groundball, 34)
Batting: RHB Carl Milley 0-0: Ball
1-0: Swinging Strike
1-1: Ground out 4-3 (Groundball, 4)
Top of the 8th over - 0 run(s), 0 hit(s), 0 error(s), 0 left on base; Montgomery 2 - Santa Fe 9
BOTTOM OF THE 8TH
Santa Fe Diablos batting - Pitching for Montgomery Biscuits : RHP Ángel Ávila
Pitching: LHP Trevor Nichols
Batting: RHB Robert Johnson 0-0: SINGLE (Line Drive, 8LS)
Batting: RHB Orlando González 0-0: Foul Ball, location: 2F
0-1: Sac Bunt - play at second, runner OUT! 2-6
Batting: LHB Juan Ontiveros 0-0: Ground out 3-1 (Groundball, 34)
Orlando González to second
Batting: LHB Roberto Sandoval 0-0: Ball
1-0: Foul Ball, location: 2F
1-1: Called Strike
1-2: Ball
2-2: Foul Ball, location: 2F
2-2: Ball
3-2: SINGLE (Groundball, 34)
Orlando González to third
Orlando González scores
Batting: RHB Henning Huisman 0-0: Ball
1-0: Called Strike
1-1: Foul Ball, location: 2F
1-2: Strikes out swinging
Bottom of the 8th over - 1 run(s), 2 hit(s), 0 error(s), 1 left on base; Montgomery 2 - Santa Fe 10
TOP OF THE 9TH
Montgomery Biscuits batting - Pitching for Santa Fe Diablos : LHP Doug Starks
Now at C: Michael Anderson
Batting: RHB Pete Smith 0-0: Called Strike
0-1: Foul Ball, location: 2F
0-2: Foul Ball, location: 2F
0-2: Ball
1-2: Foul Ball, location: 2F
1-2: Ball
2-2: Ground out 6-3 (Groundball, 56)
Batting: RHB Larry Mitchell 0-0: Ball
1-0: Foul Ball, location: 2F
1-1: Ball
2-1: Ball
3-1: Base on Balls
Batting: SHB Andrew Curran 0-0: Grounds into double play, 5-4-3 (Groundball, 5)
Top of the 9th over - 0 run(s), 0 hit(s), 0 error(s), 0 left on base; Montgomery 2 - Santa Fe 10
This league is powered by Out of the Park Baseball, the baseball management simulation game for PC, Mac and Linux
Wednesday, December 2nd, 2015 - OOTP Baseball 16.8 Build 38